 Dungeon Sprint DCSS version 0.29-a0-468-ge57f7f99b4 (webtiles) character file.

Game seed: 13718442809418414357

3 mhtbhm the Skirmisher (level 1, 0/22 HPs)
             Began as a Kobold Berserker on May 21, 2022.
             Was a Believer of Trog.
             Slain by a wolf (1 damage)
             ... in the Dungeon (Sprint III: "The Ten Rune Challenge").
             The game lasted 00:00:11 (77 turns).

mhtbhm the Skirmisher (Kobold Berserker)              Turns: 77, Time: 00:00:12

Health: 0/22       AC:  8    Str: 14    XL:     1   Next: 55%
Magic:  1/1        EV:  9    Int:  8    God:    Trog [**....]
Gold:   0          SH:  0    Dex: 14    Spells: 0/0 levels left

rFire   . . .      SeeInvis .   a - +0 mace
rCold   . . .      Faith    .   (no shield)
rNeg    . . .      Spirit   .   b - +0 chain mail
rPois   .          Reflect  .   (no helmet)
rElec   .          Harm     .   (no cloak)
rCorr   .          Rampage  .   (no gloves)
Will    .....      NoTele   +   (no boots)
Stlth   ..........              (no amulet)
HPRegen 0.07/turn               (no ring)
MPRegen 0.07/turn               (no ring)

@: berserking, very quick
A: small, no large weapons, nightstalker 3
a: Renounce Religion, Berserk, Trog's Hand


You were in the Dungeon.
You worshipped Trog.
Trog was pleased with you.
You visited 1 branch

Inventory:

Hand Weapons
 a - a +0 mace (weapon)
Armour
 b - a +0 chain mail (worn)
Scrolls
 h - a scroll of blinking
Potions
 c - 2 potions of curing
 e - a potion of haste
 f - 2 potions of magic
 g - a potion of berserk rage


   Skills:
 + Level 3.9 Fighting
 + Level 3.1 Maces & Flails
 + Level 1.6 Armour
 + Level 2.8 Dodging
 + Level 0.1 Stealth


You couldn't memorise any spells.
You didn't know any spells.
Your spell library was empty.

Dungeon Overview and Level Annotations

Branches:
Dungeon (1/1)

Altars:


Innate Abilities, Weirdness & Mutations

You are small and have problems with some larger weapons.
You are completely attuned to the shadows.


Message History

No target in view!
No target in view!
No target in view!
You start removing your armour.
You continue taking off your +0 animal skin. x4
You finish taking off your +0 animal skin.
You drop a +0 animal skin.
You see here a +0 chain mail.
b - a +0 chain mail You start putting on your armour.
You continue putting on your +0 chain mail. x4
You finish putting on your +0 chain mail.
A rat comes into view.
You barely miss the rat. The rat closely misses you.
You hit the rat.
You kill the rat!
Trog accepts your kill.
No target in view!
No target in view!
No target in view!
You see here a rat corpse.
A human and a wolf come into view.
The human shouts!
The wolf howls!
The wolf closely misses you. x2
The wolf attacks as you move away! The wolf bites you!
Ouch! That really hurt!
The wolf barely misses you. The wolf attacks as you move away!
The wolf bites you but does no damage.
You feel much better. The wolf bites you!
Ouch! That really hurt!
The wolf barely misses you.
A red film seems to cover your vision as you go berserk!
You feel yourself moving faster!
You feel mighty! The wolf bites you.
* * * LOW HITPOINT WARNING * * *
The wolf bites you.
* * * LOW HITPOINT WARNING * * *
You are too injured to fight recklessly!
You barely miss the wolf. The wolf closely misses you.
You completely miss the wolf. The wolf bites you.
You die...

▓..##.......#
▓##.##.##...#
##.##.###..#
▓#.####.##..# ...
▓.###..##.†## #...
▓#.....##..###....
###..##...##.....
##†.##....#h.....
#..###..##@#.....
#..# #.. ####....
▓▓▓▓ ▓▓ ▓▓▓▓


You could see a wolf.

Vanquished Creatures
  An endoplasm (D)
  3 rats (D)
4 creatures vanquished.

Notes
Turn   | Place    | Note
-------+----------+-------------------------------------------
     0 | D        | mhtbhm the Kobold Berserker began the quest for the Orb.
     0 | D        | Reached XP level 1. HP: 14/14 MP: 1/1
    38 | D        | Reached ** piety under Trog
    70 | D        | Noticed a wolf
    75 | D        | HP: 1/22 [wolf (5)]
    77 | D        | Slain by a wolf

Illustrated notes

Levels and vault maps discovered:
D:        dungeon_sprint_mu [sprint_mu_entry_cave, sprint_mu_temple_rooms,
          sprint_mu_d1_horrors, sprint_mu_d2_genie, sprint_mu_d3_branching,
          sprint_mu_orc_legion, sprint_mu_elf_gauntlet, sprint_mu_hive_nellie,
          sprint_mu_lair_fedhas, sprint_mu_vaults_butterflies,
          sprint_mu_slime_circle, sprint_mu_swamp_cave, sprint_mu_shoals_kraken,
          sprint_mu_blade_basic, sprint_mu_crypt_lich, sprint_mu_tomb_spiral,
          sprint_mu_vestibule_basic, sprint_mu_gehenna_hellfire,
          sprint_mu_dis_giant, sprint_mu_tartarus_statrot,
          sprint_mu_cocytus_islands, sprint_mu_zot1]

Skill      XL: |  1 |
---------------+----+-----
Maces & Flails | 3 |  3.1
Fighting       | |  3.9
Armour         | |  1.6
Dodging        | |  2.8
Stealth        | |  0.1

Action                   || total
-------------------------++-------
Melee: Mace              ||     9
Invok: Berserk           ||     1
  Use: Potion            ||     1
 Stab: Sleeping          ||     1
Armor: Chain mail        ||     1
Dodge: Dodged            ||     8

Table legend: (Time is in decaauts)
 A = Elapsed time spent in this place.
 B = Non-inter-level travel time spent in this place.
 C = Inter-level travel time spent in this place.
 D = Time resting spent in this place.
 E = Time spent auto-exploring this place.
 F = Levels seen in this place.
 G = Mean time per level.
                   A        B        C        D        E       F      G
               +--------+--------+--------+--------+--------+-----+--------+
         Total |     78 |     78 |      0 |      0 |     37 |   1 |   78.0 |
       Dungeon |     78 |     78 |      0 |      0 |     37 |   1 |   78.0 |
               +--------+--------+--------+--------+--------+-----+--------+

Top non-repeatable levels by time:
       D: 78 daAuts
